 Dungeon Crawl Stone Soup version 0.18.1-1-g2f07953 (webtiles) character file.

31434 Eucla the Impaler (level 13, -4/108 HPs)
             Began as a Merfolk Gladiator on May 8, 2016.
             Was the Champion of Okawaru.
             Slain by a boulder beetle (29 damage)
             ... on level 6 of the Lair of Beasts.
             The game lasted 00:26:59 (16937 turns).

Eucla the Impaler (Merfolk Gladiator)              Turns: 16937, Time: 00:27:00

Health: -4/108     AC: 19    Str: 19    XL:     13   Next: 58%
Magic:  10/13      EV: 15    Int:  8    God:    Okawaru [******]
Gold:   721        SH:  0    Dex: 18    Spells: 3 memorised, 4 levels left

rFire  . . .     SeeInvis .     v - +1 halberd (protect)
rCold  . . .     Gourm    .     G - +0 troll leather armour {Purgy}
rNeg   . . .     Faith    .     (shield currently unavailable)
rPois  .         Spirit   .     c - +0 helmet
rElec  .         Dismiss  .     Z - +0 cloak
rCorr  .         Reflect  .     s - +2 pair of gloves
SustAt .         Harm     .     g - +0 pair of boots
MR     .....     Clarity  +     (no amulet)
Stlth  ++........               w - +5 ring of strength
                                I - +4 ring of protection

@: not resistant to hostile enchantments, unstealthy
A: change form in water, swift swim, clarity, weak 1, MP-powered wands
a: Heroism, Finesse, Renounce Religion


You were on level 6 of the Lair of Beasts.
You worshipped Okawaru.
Okawaru was exalted by your worship.
You were hungry.

You visited 3 branches of the dungeon, and saw 19 of its levels.
You also visited: Sewer.

You collected 1012 gold pieces.
You spent 291 gold pieces at shops.

Inventory:

Hand Weapons
 o - a +0 blowgun
 v - a +1 halberd of protection (weapon)
 C - a +1 halberd
Missiles
 b - 6 poisoned javelins
 d - 3 throwing nets (quivered)
 r - 59 poisoned needles
 t - 14 javelins
 B - 8 steel javelins
Armour
 c - a +0 helmet (worn)
 g - a +0 pair of boots (worn)
 s - a +2 pair of gloves (worn)
 G - a +0 troll leather armour (worn) {Purgy}
 Z - a +0 cloak (worn)
Jewellery
 k - an uncursed ring of resist corrosion
 w - a +5 ring of strength (right hand)
 A - a +4 ring of strength
 I - a +4 ring of protection (left hand)
 J - an uncursed ring of magical power {unknown}
Wands
 a - a wand of iceblast (12/15)
 q - a wand of disintegration (12/24)
 x - a wand of acid (2/15)
 F - a wand of digging (8/24)
 K - a wand of iceblast (12/15)
 T - a wand of acid (5/15)
Scrolls
 e - 5 scrolls of remove curse
 i - 4 scrolls of enchant armour
 m - a scroll of blinking
 n - 3 scrolls of recharging
 u - a scroll of fear
 H - a scroll of identify
 L - 4 scrolls of teleportation
 U - a scroll of magic mapping
 V - 2 scrolls of enchant weapon
Potions
 h - 2 potions of resistance {unknown}
 p - a potion of might
 z - 4 potions of flight
 D - a potion of ambrosia
 P - a potion of agility
 S - 4 potions of cure mutation
 Y - a potion of brilliance
Miscellaneous
 y - a fan of gales (inert)
Comestibles
 f - 10 bread rations
 j - 4 slices of pizza
 l - 14 royal jellies
 O - 10 meat rations


   Skills:
 + Level 12.2 Fighting
 * Level 20.8 Polearms
 - Level 2.0 Throwing
 - Level 1.3 Armour
 - Level 5.5 Dodging
 - Level 3.0 Stealth
 + Level 7.7 Hexes
 + Level 8.3 Charms


You had 4 spell levels left.
You knew the following spells:

 Your Spells              Type           Power        Failure   Level  Hunger
a - Shroud of Golubria    Chrm/Tloc      #.........   17%         2    ###....
b - Spectral Weapon       Hex/Chrm       ##......     8%          3    ####...
c - Regeneration          Chrm/Necr      #.........   30%         3    ####...


Dungeon Overview and Level Annotations

Branches:
Dungeon (12/15)            Temple (1/1) D:7            Lair (6/8) D:10
 Shoals (0/4) Lair:6        Snake (0/4) Lair:3
  Slime: Lair:6-8       Orc: D:9-12

Altars:
Ashenzari
Cheibriados
Dithmenos
Elyvilon
Fedhas
Gozag
Kikubaaqudgha
Makhleb
Nemelex Xobeh
Okawaru
Pakellas
Qazlal
Ru
Sif Muna
Trog
Vehumet
Xom
Yredelemnul
Zin
The Shining One

Shops:
D:10 ?

Annotations:
D:11 Psyche
D:12 Erolcha


Innate Abilities, Weirdness & Mutations

You revert to your normal form in water.
You are very nimble and swift while swimming.
You possess an exceptional clarity of mind.
You are weak. (Str -2)
You expend magic power (3 MP) to strengthen your wands.


Message History

You slash the boulder beetle!
The boulder beetle is heavily wounded.
The boulder beetle bites you!!!
* * * LOW HITPOINT WARNING * * *
You are too injured to fight recklessly!
Unknown command.
You are too injured to fight recklessly!
Unknown command.
You are too injured to fight recklessly!
You are too injured to fight recklessly!
Unknown command.
You are too injured to fight recklessly!
You are too injured to fight recklessly!
You are too injured to fight recklessly!
Casting: Spectral Weapon
Confirm with . or Enter, or press ? or * to list all spells.
You draw out your weapon's spirit!
The boulder beetle waves its antennae.
The boulder beetle bites you!!
You die...

................ ..
..............[P.....
..##..P...........#.....
................##......
......(...............[.
........................
..$.....................
........B(..............
#......@........PP#.....
..#..........#P.........
#...#.....##..........
##..#...###.#.........
#. #..#####..........
##. #......##.........
#..##................#
#...................#.
###......####........#


You could see a boulder beetle and a friendly spectral halberd of protection.

Vanquished Creatures
  The ghost of Quarterback16 the Cleaver, a journeyman HOBe of Trog (Lair:1)
  A hydra (Lair:3)
  Erica (Lair:2)
  Urug (Lair:4)
  A fire crab (Lair:3)
  A hill giant (D:10)
  The ghost of unimpressed the Cleaver, a novice MiBe of Trog (D:6)
  An ugly thing (D:9)
  2 slime creatures (D:9)
  3 black mambas
  5 elephants
  A centaur zombie (D:10)
  7 spiny frogs
  3 rime drakes
  A centaur skeleton (D:10)
  4 komodo dragons
  2 trolls
  A queen bee (Lair:1)
  9 blink frogs
  29 yaks
  A human (D:8)
  2 basilisks (Lair:5)
  A hog (D:8)
  Grum (D:8)
  5 hippogriffs
  A naga (Lair:3)
  10 water moccasins
  5 porcupines
  Purgy (Sewer)
  10 ice beasts
  6 orc warriors
  2 black bears
  5 ogres
  11 wolves
  7 centaurs
  12 crocodiles
  A wyvern zombie (D:9)
  A gnoll sergeant (D:8)
  16 giant frogs
  3 scorpions
  33 killer bees
  3 wights (D:8)
  4 howler monkeys
  An electric eel (Lair:1)
  2 crimson imps
  A giant frog zombie (D:10)
  2 jellies (D:10)
  A wasp zombie (D:5)
  3 giant frog skeletons
  7 orc priests
  6 hounds
  13 orc wizards
  Terence (D:3)
  9 worker ants
  11 iguanas
  8 sheep
  A killer bee zombie (D:9)
  A hound skeleton (D:9)
  A worker ant zombie (D:8)
  15 gnolls
  15 adders
  36 river rats
  2 oozes
  3 adder skeletons
  2 worms
  2 dart slugs
  7 giant geckos
  52 orcs
  9 bats
  11 giant cockroaches
  8 goblins
  6 hobgoblins
  5 jackals (D:6)
  13 kobolds
  5 quokkas
  4 ball pythons
  A giant gecko skeleton (D:4)
  4 giant newts
  A jackal zombie (D:9)
  A quokka skeleton (D:6)
  4 rats
490 creatures vanquished.

Vanquished Creatures (others)
  7 fungi
  6 plants
13 creatures vanquished.

Grand Total: 503 creatures vanquished

Notes
Turn   | Place    | Note
--------------------------------------------------------------
     0 | D:1      | Eucla the Merfolk Gladiator began the quest for the Orb.
     0 | D:1      | Reached XP level 1. HP: 16/16 MP: 1/1
   140 | D:1      | Reached XP level 2. HP: 22/22 MP: 2/2
   332 | D:1      | Reached skill level 5 in Polearms
   398 | D:1      | Reached XP level 3. HP: 28/28 MP: 3/3
   711 | D:2      | Reached skill level 5 in Dodging
   813 | D:2      | Reached XP level 4. HP: 20/34 MP: 4/4
   822 | D:2      | Reached skill level 1 in Stealth
   985 | D:2      | Found a bloodstained altar of Trog.
  1125 | D:3      | Noticed Terence
  1142 | D:3      | Killed Terence
  1311 | D:3      | Reached XP level 5. HP: 40/40 MP: 5/5
  1320 | D:3      | Noticed an orc warrior
  1336 | D:3      | Gained mutation: You are weak. (Str -2) [potion of mutation]
  1336 | D:3      | Gained mutation: You possess an exceptional clarity of mind. [potion of mutation]
  1336 | D:3      | Gained mutation: You expend magic power (3 MP) to strengthen your wands. [potion of mutation]
  1364 | D:3      | Killed an orc warrior
  1364 | D:3      | Reached skill level 6 in Polearms
  1364 | D:3      | Reached skill level 1 in Armour
  1702 | D:3      | Reached XP level 6. HP: 42/47 MP: 6/6
  1851 | D:3      | Found an oddly glowing altar of Pakellas.
  3036 | D:4      | Found a radiant altar of Vehumet.
  3040 | D:4      | Found a white marble altar of Elyvilon.
  3357 | D:3      | Reached skill level 7 in Polearms
  3468 | D:4      | Found a sacrificial altar of Ru.
  3510 | D:4      | Reached XP level 7. HP: 48/54 MP: 7/7
  3888 | D:4      | Reached skill level 8 in Polearms
  4087 | D:5      | Entered Level 5 of the Dungeon
  4254 | D:5      | Reached skill level 9 in Polearms
  4265 | D:5      | Reached skill level 5 in Fighting
  4287 | D:5      | Reached XP level 8. HP: 36/62 MP: 8/8
  4527 | D:5      | Reached skill level 10 in Polearms
  4920 | D:6      | Noticed unimpressed's ghost (novice MiBe)
  4974 | D:6      | Killed unimpressed's ghost
  4974 | D:6      | Reached skill level 11 in Polearms
  5021 | D:6      | Reached skill level 12 in Polearms
  5021 | D:6      | Reached XP level 9. HP: 25/71 MP: 9/9
  5393 | D:6      | Found a glowing drain.
  5412 | Sewer    | Entered a sewer
  5455 | Sewer    | Noticed Purgy
  5485 | Sewer    | Killed Purgy
  5692 | D:6      | Reached skill level 13 in Polearms
  6036 | D:6      | Found a glowing silver altar of Zin.
  6036 | D:6      | Noticed an angel
  6126 | D:6      | Found a blossoming altar of Fedhas.
  6452 | D:7      | Reached skill level 14 in Polearms
  6564 | D:7      | Found a deep blue altar of Sif Muna.
  6565 | D:7      | Found a stormy altar of Qazlal.
  6565 | D:7      | Found an ancient bone altar of Kikubaaqudgha.
  6614 | D:7      | Found a glowing golden altar of the Shining One.
  6731 | D:7      | Found an opulent altar of Gozag.
  6732 | D:7      | Found a sparkling altar of Nemelex Xobeh.
  6798 | D:7      | Found a staircase to the Ecumenical Temple.
  6804 | Temple   | Entered the Ecumenical Temple
  7076 | D:7      | Reached XP level 10. HP: 60/82 MP: 10/10
  7080 | D:7      | Learned a level 2 spell: Shroud of Golubria
  7084 | D:7      | Learned a level 3 spell: Spectral Weapon
  7088 | D:7      | Learned a level 3 spell: Regeneration
  7281 | D:8      | Reached skill level 15 in Polearms
  7547 | D:8      | Noticed Grum
  7573 | D:8      | Killed Grum
  8043 | D:8      | Reached skill level 16 in Polearms
  8479 | D:8      | Found an iron altar of Okawaru.
  8479 | D:8      | Found a bloodstained altar of Trog.
  8494 | D:8      | Became a worshipper of Warmaster Okawaru
  8833 | D:9      | Reached skill level 1 in Hexes
  8833 | D:9      | Reached skill level 1 in Charms
  8867 | D:9      | Noticed a purple ugly thing
  8891 | D:9      | Killed a purple ugly thing
  8891 | D:9      | Reached * piety under Okawaru
  8895 | D:9      | Reached XP level 11. HP: 79/90 MP: 11/11
  8933 | D:9      | Reached skill level 17 in Polearms
  8939 | D:9      | Reached skill level 10 in Fighting
  9256 | D:9      | Reached ** piety under Okawaru
  9403 | D:10     | Entered Level 10 of the Dungeon
  9411 | D:10     | Found Neunac's Magic Scroll Emporium.
  9418 | D:10     | Bought a scroll of teleportation for 39 gold pieces
  9418 | D:10     | Bought a scroll of teleportation for 39 gold pieces
  9418 | D:10     | Bought a scroll of fear for 45 gold pieces
  9418 | D:10     | Bought a scroll of fear for 45 gold pieces
  9418 | D:10     | Bought a scroll of enchant armour for 97 gold pieces
  9418 | D:10     | Bought a scroll of identify for 26 gold pieces
  9528 | D:10     | Reached *** piety under Okawaru
  9629 | D:10     | Noticed a hill giant
  9685 | D:10     | Killed a hill giant
  9955 | D:10     | Received a gift from Okawaru
 10010 | D:10     | You fall through a shaft for 2 floors!
 10130 | D:12     | Noticed Erolcha
 10155 | D:11     | Noticed Psyche
 10205 | D:10     | Reached skill level 18 in Polearms
 10312 | D:10     | Found a staircase to the Lair.
 10592 | D:10     | Reached **** piety under Okawaru
 10823 | D:10     | Reached skill level 5 in Charms
 10842 | Lair:1   | Entered Level 1 of the Lair of Beasts
 11283 | Lair:1   | Noticed Quarterback16's ghost (journeyman HOBe)
 11297 | Lair:1   | Killed Quarterback16's ghost
 11297 | Lair:1   | Reached ***** piety under Okawaru
 11297 | Lair:1   | Reached skill level 5 in Hexes
 11297 | Lair:1   | Reached XP level 12. HP: 99/99 MP: 9/12
 12055 | Lair:2   | Received a gift from Okawaru
 12080 | Lair:2   | Reached skill level 19 in Polearms
 12093 | Lair:2   | Noticed Erica
 12112 | Lair:2   | Killed Erica
 12720 | Lair:3   | Found a staircase to the Snake Pit.
 13200 | Lair:3   | Noticed a five-headed hydra
 13728 | Lair:3   | Killed a 15-headed hydra
 14295 | Lair:4   | Reached XP level 13. HP: 93/106 MP: 13/13
 14345 | Lair:4   | Reached skill level 20 in Polearms
 14517 | Lair:4   | Received a gift from Okawaru
 14724 | Lair:4   | Found a frozen archway.
 14898 | Lair:4   | Noticed Urug
 14914 | Lair:4   | Killed Urug
 16468 | Lair:6   | Found a staircase to the Shoals.
 16561 | Lair:6   | Reached ****** piety under Okawaru
 16937 | Lair:6   | Slain by a boulder beetle

Skill      XL: |  1  2  3  4  5  6  7  8  9 10 11 12 13 |
---------------+----------------------------------------+-----
Polearms       | 5 6 7 9 12 14 16 18 19 20 | 20.8
Dodging        | 5 |  5.5
Stealth        | 1 2 3 |  3.0
Fighting       | 3 4 5 6 8 9 10 11 12 | 12.2
Armour         | 1 |  1.3
Hexes          | 2 5 6 7 |  7.7
Charms         | 2 5 7 8 |  8.3
Throwing       | |  2.0

Action                   |  1- 3 |  4- 6 |  7- 9 | 10-12 | 13-15 || total
-------------------------+-------+-------+-------+-------+-------++-------
Melee: Trident           |   115 |   308 |    80 |       |       ||   503
       Halberd           |       |       |   428 |   999 |   373 ||  1800
       Tailslap          |       |       |     3 |       |       ||     3
Throw: Throwing net      |       |       |     1 |     1 |       ||     2
 Cast: Spectral Weapon   |       |       |       |       |     3 ||     3
       Regeneration      |       |       |       |       |     1 ||     1
Invok: Heroism           |       |       |       |     4 |     1 ||     5
Evoke: Wand              |       |       |       |     4 |     1 ||     5
       Fan of gales      |       |       |       |     1 |       ||     1
  Use: Potion            |       |     6 |     4 |     6 |       ||    16
       Scroll            |       |       |       |    27 |     6 ||    33
 Stab: Sleeping          |     2 |       |     1 |    15 |     5 ||    23
       Invisible         |       |    12 |       |       |       ||    12
       Held in net/web   |       |       |     1 |       |       ||     1
       Distracted        |       |       |       |     5 |       ||     5
  Eat: Chunk             |       |     6 |     4 |     6 |     1 ||    17
       Meat ration       |       |     1 |       |       |       ||     1
       Beef jerky        |       |       |     1 |     6 |       ||     7
       Bread ration      |       |       |     1 |       |       ||     1
       Fruit             |       |       |       |     9 |       ||     9
       Pizza             |       |       |       |     7 |       ||     7
Armor: Leather armour    |    25 |       |       |       |       ||    25
       Chain mail        |    19 |   133 |    84 |       |       ||   236
       Skin              |       |    13 |       |       |       ||    13
       Scale mail        |       |       |    81 |    45 |       ||   126
       Troll leather arm |       |       |       |   157 |   110 ||   267
Dodge: Dodged            |    74 |   112 |   213 |   492 |   207 ||  1098
